Match 41845928
Unlisted

Match 41845928
End
Vickers Machine Gun Team
Construct Section Command Post
Dingo Light Scout Car
Infantry Section
Infantry Section
Construct Platoon Command Post
6-pounder Anti-tank Gun Team
Selects Indian Artillery Battlegroup
Selects War Cry
Selects Gurkha Rifles Section
Gurkha Rifles Section
CMP 15cwt Truck
Infantry Training
Selects Artillery Saturation
Unlock Bishop Self-propelled Artillery
Bishop Self-propelled Artillery
Grenade Package
Bishop Self-propelled Artillery
抖音呆呆河马-英3小程序
你的好友寒风
甜菜的小老弟
吃瓜群众
我將點燃大海
Max Emotional Damage
求你了别站起来蹬她
UwU
0
0

Comments sign in to comment!

No comments posted yet!